[Event "Titled Tuesday Blitz June 8 2021"]
[White "Nguyen, Quoc Hy"]
[Black "Maly, Alexey"]
[WhiteFideId "12410853"]
[BlackFideId "14103184"]
[WhiteElo "1975"]
[BlackElo "2285"]
[Result "1-0"]
[Round "07"]
[TimeControl "180+1"]
[Date "2021.06.08"]
[WhiteClock "0:00:09"]
[BlackClock "0:00:03"]

1. d4 d5 2. c4 dxc4 3. Nf3 Nf6 4. e3 e6 5. Bxc4 a6 6. a4 c5 7. O-O Nc6 8. Nc3 cxd4 9. exd4 Nb4 10. Bg5 Be7 11. Qb3 Nc6 12. Rad1 Na5 13. Qa2 Nxc4 14. Qxc4 O-O 15. Rfe1 h6 16. Bh4 b5 17. axb5 axb5 18. Qxb5 Ba6 19. Qe5 Bb7 20. d5 Ra5 21. Bxf6 Bxf6 22. Qf4 Bxc3 23. bxc3 Rxd5 24. Rxd5 Qxd5 25. h3 Rc8 26. Re3 Rc4 27. Qe5 Qc6 28. Rd3 Kh7 29. Qg3 Qe4 30. Rd7 Qb1+ 31. Kh2 Bxf3 32. Rxf7 Bg4 33. hxg4 Qg6 34. Rf4 Rc5 35. Qe3 Rg5 36. f3 h5 37. Qe4 hxg4 38. Qxg6+ Rxg6 39. Rxg4 Rf6 40. Re4 Kg6 41. Kg3 Kf7 42. Rf4 1-0


[Site "https://www.chess.com"]

[Event "Titled Tuesday Blitz June 8 2021"]
[White "Nurmanova, Alua"]
[Black "Ovetchkin, Roman"]
[WhiteFideId "13729390"]
[BlackFideId "4119991"]
[WhiteElo "1797"]
[BlackElo "2428"]
[Result "0-1"]
[Round "07"]
[TimeControl "180+1"]
[Date "2021.06.08"]
[WhiteClock "0:00:02"]
[BlackClock "0:00:10"]

1. e4 c6 2. d4 d5 3. e5 Bf5 4. h4 h6 5. g4 Bd7 6. Nc3 e6 7. Be3 Qb6 8. Qd2 c5 9. dxc5 Bxc5 10. Bxc5 Qxc5 11. Nf3 a6 12. O-O-O Nc6 13. Bd3 Nge7 14. Ne2 Nb4 15. Kb1 Nxd3 16. cxd3 Nc6 17. Rc1 Qb6 18. g5 hxg5 19. Qxg5 Qxf2 20. Qxg7 O-O-O 21. Ned4 Kb8 22. Nxc6+ Bxc6 23. Rhf1 Qe3 24. Ka1 Bb5 25. Qxf7 Rc8 26. Rce1 Qxd3 27. Ng5 Qd2 28. Rh1 Rxh4 29. Rhg1 Rg4 30. a4 Rxg1 31. Rxg1 Rc1+ 32. Rxc1 Qxc1+ 33. Ka2 Bc4+ 34. Ka3 Qa1+ 35. Kb4 Qxb2+ 36. Kc5 Qa3+ 37. Kd4 Qd3+ 38. Kc5 Qe3+ 0-1


[Site "https://www.chess.com"]

[Event "Titled Tuesday Blitz June 8 2021"]
[White "Oparin, Grigoriy"]
[Black "Trent, Lawrence"]
[WhiteFideId "24125890"]
[BlackFideId "408638"]
[WhiteElo "2628"]
[BlackElo "2474"]
[Result "0-1"]
[Round "07"]
[TimeControl "180+1"]
[Date "2021.06.08"]
[WhiteClock "0:01:23"]
[BlackClock "0:00:44"]

1. b3 a5 2. Bb2 a4 3. Nf3 e6 4. e4 Nf6 5. e5 Nd5 6. c4 a3 7. Bc1 Nb6 8. d4 d5 9. c5 N6d7 10. Nc3 f6 11. Bd3 Nc6 12. O-O Be7 13. Ng5 fxg5 14. Qh5+ g6 15. Bxg6+ Kf8 16. Qh6+ Kg8 17. Bh5 Nxd4 18. f4 Bf8 19. Bf7+ Kxf7 20. fxg5+ Nf5 21. g6+ hxg6 22. Rxf5+ gxf5 0-1


[Site "https://www.chess.com"]

[Event "Titled Tuesday Blitz June 8 2021"]
[White "Perez Rodriguez, Luis Manuel"]
[Black "Can, Emre"]
[WhiteFideId "3503364"]
[BlackFideId "6302181"]
[WhiteElo "2429"]
[BlackElo "2503"]
[Result "1-0"]
[Round "07"]
[TimeControl "180+1"]
[Date "2021.06.08"]
[WhiteClock "0:00:41"]
[BlackClock "0:00:46"]

1. e4 c5 2. Nf3 d6 3. d4 cxd4 4. Nxd4 Nf6 5. Nc3 g6 6. Be3 Bg7 7. f3 a6 8. Qd2 h5 9. O-O-O b5 10. g3 Bb7 11. h3 Nbd7 12. Rg1 Rc8 13. g4 hxg4 14. hxg4 b4 15. Nce2 a5 16. Kb1 Ne5 17. Ng3 Nc4 18. Bxc4 Rxc4 19. Rh1 Rxh1 20. Rxh1 Qc8 21. Ngf5 gxf5 22. Nxf5 Bf8 23. Rh8 Nxe4 24. fxe4 Bxe4 25. Nxd6+ 1-0


[Site "https://www.chess.com"]

[Event "Titled Tuesday Blitz June 8 2021"]
[White "Petriashvili, Nikoloz"]
[Black "Martin Duque, Jesus"]
[WhiteFideId "13611216"]
[BlackFideId "2208954"]
[WhiteElo "2749"]
[BlackElo "2456"]
[Result "1/2-1/2"]
[Round "07"]
[TimeControl "180+1"]
[Date "2021.06.08"]
[WhiteClock "0:00:00"]
[BlackClock "0:00:17"]

1. e4 c5 2. Nf3 e6 3. b3 b6 4. Bb2 Bb7 5. Nc3 Nc6 6. g3 Nf6 7. Bg2 Be7 8. O-O O-O 9. Re1 d6 10. e5 Nxe5 11. Nxe5 Bxg2 12. Kxg2 dxe5 13. Rxe5 Qc7 14. Re1 Rad8 15. d3 Qc6+ 16. Qf3 Qxf3+ 17. Kxf3 Nd5 18. Nxd5 Rxd5 19. a4 a6 20. h4 Rfd8 21. Re4 Bf8 22. Be5 R8d7 23. h5 f6 24. Bc3 e5 25. g4 Kf7 26. Kg2 g6 27. Rh1 Kg8 28. hxg6 hxg6 29. g5 Bg7 30. gxf6 Bxf6 31. Rhe1 Re7 32. f4 Kf7 33. fxe5 Bg7 34. e6+ Kg8 35. Bd2 Bf6 36. Kg3 Kg7 37. Kg4 Rh5 38. Bf4 Rd5 39. R1e2 b5 40. axb5 axb5 41. Rh2 g5 42. Bg3 Kg6 43. Rf2 Rd4 44. Rxd4 Bxd4 45. Re2 Kf6 46. Be1 Rxe6 47. Rxe6+ Kxe6 48. Kxg5 c4 49. Kf4 cxb3 50. cxb3 Kd5 51. Kf3 Bc5 52. Ke2 Bd4 53. Bd2 Bc5 54. Bc3 Bd6 55. Ke3 Bc5+ 56. Kd2 Bd6 57. Kc2 Be7 58. Bb2 Bd6 59. Kd2 Be7 60. Bc1 Bd6 61. Kc3 Be5+ 62. Kb4 Kc6 63. Be3 Bd6+ 64. Ka5 Be7 65. Ka6 Bd6 66. Bd4 Be7 67. Bb2 Bd6 68. Bc1 Be7 69. d4 Bd6 70. Bg5 Bf8 71. Bf6 Bd6 72. Be5 Bf8 73. Bh8 Be7 74. Bg7 Bd6 75. Bh6 Be7 76. Bd2 Bd6 77. Ka5 Bc7+ 78. Ka6 Bd6 79. d5+ Kxd5 80. Kxb5 Bf8 81. Bb4 Bh6 82. Bc3 Bf8 83. Bf6 Bd6 84. Bd8 Bf8 85. Bb6 Be7 86. Ba5 Bf8 87. Bb4 Bh6 88. Be7 Bd2 89. Bd8 Be1 90. Ba5 Bh4 91. Bc7 Be7 92. Ka6 Bf8 93. Ba5 Be7 94. Bc3 Bf8 95. Ka5 Be7 96. Bb4 Bh4 97. Ba3 Be1+ 98. Ka6 Bd2 99. Bb2 Be1 100. Bf6 Bd2 101. Bh4 Bc3 102. Bf2 Bd2 103. Kb5 Bc3 104. Ka6 Bd2 105. Bb6 Be1 106. Ba5 Bh4 107. b4 Bf2 108. b5 Kd6 109. Bb6 Bh4 110. Be3 Kd7 111. Bf4 Bd8 1/2-1/2


[Site "https://www.chess.com"]

[Event "Titled Tuesday Blitz June 8 2021"]
[White "Pichot, Alan"]
[Black "Vidit, Santosh Gujrathi"]
[WhiteFideId "110973"]
[BlackFideId "5029465"]
[WhiteElo "2622"]
[BlackElo "2735"]
[Result "0-1"]
[Round "07"]
[TimeControl "180+1"]
[Date "2021.06.08"]
[WhiteClock "0:00:03"]
[BlackClock "0:00:04"]

1. e4 e5 2. Nf3 Nc6 3. Bb5 a6 4. Ba4 Nf6 5. O-O Be7 6. Re1 b5 7. Bb3 d6 8. c3 O-O 9. h3 Nb8 10. d4 Nbd7 11. Nbd2 Bb7 12. Bc2 Re8 13. Nf1 Bf8 14. Ng3 g6 15. a4 Bg7 16. Bd3 c6 17. b3 Qc7 18. Bb2 Rad8 19. axb5 axb5 20. Qc2 Qb6 21. Rad1 c5 22. d5 Ra8 23. Ra1 Reb8 24. Bf1 Bc8 25. Reb1 Ne8 26. Bc1 Nc7 27. Be3 Qb7 28. h4 Nf6 29. h5 Ng4 30. Bg5 Ne8 31. Nh2 Nxh2 32. Kxh2 Bf6 33. Be3 Bd7 34. Qd2 Rxa1 35. Rxa1 Ra8 36. Qd1 Be7 37. b4 c4 38. Qc1 Rxa1 39. Qxa1 Bd8 40. Be2 Bb6 41. Nf1 Kf8 42. Bxb6 Qxb6 43. Ne3 Ke7 44. g3 Nf6 45. hxg6 hxg6 46. Bf3 Qb8 47. Kg1 Bc8 48. Qa5 Qb7 49. Kg2 Qa6 50. Qc7+ Bd7 51. Qb8 Qc8 52. Qa7 Ne8 53. Bg4 Qc7 54. Qa8 Nf6 55. Bxd7 Qxd7 56. f3 Qe8 57. Qb7+ Qd7 58. Qb8 Ne8 59. Ng4 f5 60. exf5 gxf5 61. Ne3 Kf7 62. g4 fxg4 63. fxg4 Nf6 64. Qh8 Kg6 65. Kg3 Qh7 66. Qxh7+ Kxh7 67. Kf3 Kg6 68. Ke2 Ne4 69. Nd1 Kg5 70. Kf3 Nd2+ 71. Ke2 Ne4 72. Kf3 Nf6 73. Ne3 Kg6 74. Kf2 Ne4+ 75. Kf3 Nxc3 76. Kf2 Ne4+ 77. Ke2 Nf6 78. Kf3 Kg5 79. Nf5 c3 80. Ke2 Nxd5 81. Nxd6 Nxb4 82. Nxb5 c2 83. Kd2 Kxg4 84. Nc3 Kf3 0-1


[Site "https://www.chess.com"]

[Event "Titled Tuesday Blitz June 8 2021"]
[White "Politov, Pavel Y."]
[Black "Piesik, Piotr"]
[WhiteFideId "24110515"]
[BlackFideId "1136194"]
[WhiteElo "2090"]
[BlackElo "2369"]
[Result "1-0"]
[Round "07"]
[TimeControl "180+1"]
[Date "2021.06.08"]
[WhiteClock "0:01:02"]
[BlackClock "0:01:34"]

1. e4 g6 2. d4 Bg7 3. Nc3 c6 4. Nf3 d6 5. Be2 Nf6 6. e5 Nd5 7. Nxd5 cxd5 8. O-O Nc6 9. Re1 O-O 10. Bg5 Bg4 11. exd6 Qxd6 12. c3 e6 13. Qd2 a6 14. Bh6 b5 15. Bxg7 Kxg7 16. Ne5 Bxe2 17. Rxe2 Nxe5 18. Rxe5 a5 19. h4 b4 20. h5 bxc3 21. bxc3 Rfc8 22. Rae1 Qd8 23. R1e3 Kf8 24. Rf3 Ke8 25. Qh6 Rab8 26. Rxe6+ fxe6 27. Qf8+ Kd7 28. Rf7+ Kc6 29. Qc5# 1-0


[Site "https://www.chess.com"]

[Event "Titled Tuesday Blitz June 8 2021"]
[White "Popilski, Gil"]
[Black "Obolentseva, Alexandra"]
[WhiteFideId "2809060"]
[BlackFideId "24153648"]
[WhiteElo "2537"]
[BlackElo "2113"]
[Result "1-0"]
[Round "07"]
[TimeControl "180+1"]
[Date "2021.06.08"]
[WhiteClock "0:00:04"]
[BlackClock "0:00:01"]

1. e4 c5 2. Nf3 d6 3. d4 cxd4 4. Nxd4 Nf6 5. Nc3 a6 6. Rg1 h5 7. Bg5 b5 8. Bd3 Bb7 9. Qe2 Nbd7 10. O-O-O Qc7 11. f4 e6 12. Rge1 Be7 13. a3 Nc5 14. Kb1 d5 15. exd5 Nxd5 16. Nxd5 Bxd5 17. Bxe7 Qxe7 18. f5 O-O-O 19. fxe6 fxe6 20. g3 Qf6 21. c3 Nxd3 22. Qxd3 e5 23. Nc2 Ba2+ 24. Kxa2 Rxd3 25. Rxd3 Rd8 26. Rde3 Rd2 27. Nb4 Qf7+ 28. Ka1 Qb3 29. Rb1 Qe6 30. Rbe1 Qb3 31. Rb1 Rxh2 32. Rxe5 a5 33. Nc6 Rg2 34. Rxb5 Qc4 35. Nd4 Rxg3 36. Rxh5 g5 37. Re1 Rg2 38. Rh7 Qg8 39. Rhe7 Qd5 40. Rg7 Kd8 41. Ne6+ Kc8 42. Nf4 Qd8 43. Nxg2 Qf8 44. Rge7 Qf2 45. R7e2 Qf5 46. Ne3 Qe4 47. Nc2 Qd3 48. Nd4 g4 49. Rg2 g3 50. Reg1 Kd7 51. Rxg3 Qd2 52. Nb3 Qd5 53. Nc1 Kc6 54. Rd3 Qe4 55. Rgd1 Kc5 56. Nb3+ Kb6 57. Rd6+ Kc7 58. Rd7+ Kb6 59. R1d6+ Kb5 60. Ka2 a4 61. Nd4+ Kc4 62. Rc6+ Kd3 63. Re6 Qf4 64. Nb3+ Kc2 65. Na1+ Kc1 66. Re1# 1-0


[Site "https://www.chess.com"]

[Event "Titled Tuesday Blitz June 8 2021"]
[White "Priasmoro, Novendra"]
[Black "Harshavardhan G B"]
[WhiteFideId "7105029"]
[BlackFideId "25059009"]
[WhiteElo "2821"]
[BlackElo "2626"]
[Result "1-0"]
[Round "07"]
[TimeControl "180+1"]
[Date "2021.06.08"]
[WhiteClock "0:01:17"]
[BlackClock "0:00:22"]

1. e4 e5 2. Nf3 Nc6 3. Bb5 a6 4. Ba4 d6 5. O-O Bg4 6. h3 h5 7. Bxc6+ bxc6 8. d4 Bxf3 9. Qxf3 exd4 10. Qb3 Nf6 11. Re1 Be7 12. Qa4 Qd7 13. Qxd4 c5 14. Qd3 O-O 15. Nc3 Rfe8 16. Bg5 Nh7 17. Bf4 Bg5 18. Bxg5 Nxg5 19. f4 Ne6 20. f5 Nd4 21. Nd5 Rab8 22. c3 Nc6 23. Qg3 Kf8 24. f6 gxf6 25. Nxf6 Qe6 26. Qg5 Red8 27. Rf1 Ke7 28. Nd5+ Kd7 29. Rf6 Qe8 30. Qf5+ 1-0


[Site "https://www.chess.com"]

[Event "Titled Tuesday Blitz June 8 2021"]
[White "Quparadze, Giga"]
[Black "Svane, Rasmus"]
[WhiteFideId "13602250"]
[BlackFideId "4657101"]
[WhiteElo "2658"]
[BlackElo "2669"]
[Result "1/2-1/2"]
[Round "07"]
[TimeControl "180+1"]
[Date "2021.06.08"]
[WhiteClock "0:00:24"]
[BlackClock "0:00:08"]

1. e4 c6 2. d4 d5 3. Nc3 dxe4 4. Nxe4 Nf6 5. Nxf6+ exf6 6. c3 Bd6 7. Bd3 O-O 8. Qc2 Re8+ 9. Ne2 h5 10. O-O h4 11. h3 Nd7 12. c4 Nf8 13. Be3 Be6 14. Rad1 Rc8 15. Rfe1 Bb8 16. Bf4 Bxf4 17. Nxf4 Qd6 18. Qd2 g6 19. Bf1 Bd7 20. d5 c5 21. Ne2 Bf5 22. Nc3 a6 23. Bd3 Bxd3 24. Qxd3 f5 25. Qd2 Kg7 26. Qg5 Qf6 27. Qxf6+ Kxf6 28. d6 Rxe1+ 29. Rxe1 Rd8 30. Nd5+ Kg7 31. Re7 b5 32. Nc7 bxc4 33. Ne8+ Kh6 34. Kf1 Ne6 35. d7 Nf8 36. Nf6 Kg5 37. Rxf7 Ne6 38. g3 hxg3 39. fxg3 f4 40. h4+ Kf5 41. g4+ Ke5 42. h5 Ng5 43. Rg7 gxh5 44. Nxh5 Ne6 45. Rf7 Nf8 46. Rf5+ Kd6 47. Nxf4 Nxd7 48. g5 Rf8 49. Rxf8 Nxf8 50. Ke2 Ke5 51. Kf3 Kf5 52. g6 Nd7 53. g7 Nf6 54. Nd5 Ng8 55. Nc7 a5 56. Na6 Kg6 57. Ke4 Kxg7 58. Kd5 Kf6 59. Nxc5 c3 60. Ne4+ Ke7 61. Nxc3 Kd7 62. Kc5 Nf6 63. Kb5 Ng4 64. Kxa5 Kc6 65. Kb4 Ne3 66. a4 Nc2+ 67. Kb3 Nd4+ 68. Kc4 Nc2 69. b4 Ne3+ 70. Kb3 Nf5 71. b5+ Kc5 72. Ne4+ Kd4 73. Nd2 Kc5 74. Ka3 Nd6 75. Nb3+ Kc4 76. b6 Nb7 77. Nd4 Kc5 78. Nb3+ Kxb6 79. Kb4 Ka6 80. Nd2 Ka7 81. Nc4 Ka6 82. Na3 Ka7 83. Kb5 Nd6+ 84. Kc5 Nb7+ 85. Kb4 Ka6 86. Nb5 Kb6 87. Nc3 Ka6 88. Nd5 Ka7 89. Kb5 Nd6+ 90. Kc6 Nb7 91. Nc3 Na5+ 92. Kb5 Nb7 93. Ne4 Nd8 94. Nc5 Nb7 95. Ne4 Nd8 96. a5 Nb7 97. a6 Nd8 98. Nc5 Nf7 99. Ne6 Nd6+ 100. Ka5 Nc4+ 101. Kb5 Nd6+ 102. Ka5 Nc4+ 103. Kb5 Nd6+ 1/2-1/2


[Site "https://www.chess.com"]

[Event "Titled Tuesday Blitz June 8 2021"]
[White "Rodchenkov, Sergey D."]
[Black "Rustemov, Alexander"]
[WhiteFideId "4168712"]
[BlackFideId "4119002"]
[WhiteElo "2306"]
[BlackElo "2699"]
[Result "0-1"]
[Round "07"]
[TimeControl "180+1"]
[Date "2021.06.08"]
[WhiteClock "0:00:14"]
[BlackClock "0:00:14"]

1. e4 e6 2. d4 d5 3. Nd2 c5 4. Ngf3 Nf6 5. exd5 Nxd5 6. c3 Nc6 7. Bb5 cxd4 8. Nxd4 Bd7 9. Nxc6 Bxc6 10. Bxc6+ bxc6 11. O-O Be7 12. Ne4 Nf6 13. Qe2 Nxe4 14. Qxe4 Qd5 15. Qe2 O-O 16. c4 Qf5 17. Be3 a5 18. Rad1 Rfb8 19. Bd4 Bf6 20. h3 a4 21. Bxf6 Qxf6 22. Rd2 Rb4 23. Rfd1 g6 24. a3 Rb3 25. Qe4 Rc8 26. c5 Rxb2 27. Rxb2 Qxb2 28. Qxa4 Qb5 29. Qd4 Ra8 30. Rd3 Ra4 31. Qe3 Qb1+ 32. Kh2 Qb2 33. Rb3 Qf6 34. Rb6 e5 35. g3 Kg7 36. Kg2 h5 37. h4 Rd4 38. Qf3 Qxf3+ 39. Kxf3 Kf6 40. Rxc6+ Kf5 41. Ke3 Ra4 42. Rd6 Rxa3+ 43. Rd3 Ra5 44. Rc3 Ke6 45. c6 Ra8 46. c7 Rc8 47. f4 Kd5 48. fxe5 Kxe5 49. Kf3 Kd6 50. Kf4 Rxc7 51. Re3 Re7 52. Rd3+ Ke6 53. Kg5 Ra7 54. Re3+ Kd5 55. Kf6 Kd4 56. Rf3 Ke4 57. Rf4+ Ke3 58. Rf1 Ke2 59. Rf4 Rb7 60. Kg7 Rb3 61. Kxf7 Rxg3 62. Kf6 Rg4 63. Rxg4 hxg4 64. Kxg6 g3 65. h5 g2 66. h6 g1=Q+ 67. Kf7 Qd4 68. Kg8 Qd5+ 69. Kg7 Qd7+ 70. Kg8 Qe8+ 71. Kg7 Qe5+ 72. Kg8 Qg5+ 73. Kh7 Kf3 0-1


[Site "https://www.chess.com"]

[Event "Titled Tuesday Blitz June 8 2021"]
[White "Rosen, Eric"]
[Black "Rottenwohrer Suarez, Juan"]
[WhiteFideId "2032562"]
[BlackFideId "32068182"]
[WhiteElo "2362"]
[BlackElo "2188"]
[Result "1-0"]
[Round "07"]
[TimeControl "180+1"]
[Date "2021.06.08"]
[WhiteClock "0:00:17"]
[BlackClock "0:00:01"]

1. d4 Nf6 2. Bf4 g6 3. Nc3 d5 4. e3 Bg7 5. h4 h5 6. Nf3 O-O 7. Ne5 c6 8. Bd3 b5 9. Qf3 Ng4 10. Qg3 Nxe5 11. dxe5 b4 12. Ne2 c5 13. c4 bxc3 14. Nxc3 d4 15. exd4 cxd4 16. Ne4 Qa5+ 17. Nd2 Nc6 18. O-O Bxe5 19. Nc4 Bxf4 20. Qxf4 Qd5 21. Rac1 Bf5 22. Bxf5 Qxf5 23. Qxf5 gxf5 24. Nd6 exd6 25. Rxc6 Rac8 26. Rfc1 Rxc6 27. Rxc6 Re8 28. Kf1 Re5 29. Rxd6 Ra5 30. a3 Rb5 31. b4 a5 32. Rxd4 axb4 33. axb4 Kg7 34. Ke2 Kf6 35. f4 Ke6 36. Kd3 Rb8 37. Kc3 Rg8 38. Rd2 Rg3+ 39. Kc4 Rg4 40. b5 Rxf4+ 41. Rd4 Rf1 42. b6 Rc1+ 43. Kb5 Rb1+ 44. Rb4 Rxb4+ 45. Kxb4 Kd6 46. Kb5 1-0


[Site "https://www.chess.com"]

[Event "Titled Tuesday Blitz June 8 2021"]
[White "Sadovsky, Artem"]
[Black "Orozbaev, Eldiar"]
[WhiteFideId "4155840"]
[BlackFideId "13802240"]
[WhiteElo "2442"]
[BlackElo "1914"]
[Result "1/2-1/2"]
[Round "07"]
[TimeControl "180+1"]
[Date "2021.06.08"]
[WhiteClock "0:00:02"]
[BlackClock "0:00:16"]

1. Nf3 d5 2. g3 c6 3. Bg2 Nf6 4. O-O g6 5. b3 Bg7 6. Bb2 O-O 7. d3 Re8 8. Nbd2 Nbd7 9. e4 e5 10. Re1 d4 11. Nc4 c5 12. Nd6 Re6 13. Nxf7 Kxf7 14. Ng5+ Ke7 15. Nxe6 Kxe6 16. f4 Kf7 17. Rf1 Kg8 18. Bc1 Nf8 19. fxe5 Ng4 20. e6 Bxe6 21. Bh3 Qd7 22. Bf4 Ne3 23. Bxe3 Bxh3 24. Bd2 Bxf1 25. Qxf1 Ne6 26. Qh3 Rf8 27. Rf1 Rxf1+ 28. Kxf1 Qf7+ 29. Kg2 h5 30. Qh4 Bf6 31. Qh3 Bg5 32. Bxg5 Nxg5 33. Qc8+ Kh7 34. h4 Ne6 35. a4 a6 36. a5 Qe7 37. Qb8 g5 38. Qe5 gxh4 39. Qxh5+ Kg7 40. Qg4+ Kf7 41. gxh4 Qf6 42. h5 Qf4 43. Qg6+ Ke7 44. h6 Qh4 45. Qh7+ Kf6 46. Qh8+ Ke7 47. Qh7+ Kd6 48. Qg6 Qg5+ 49. Qxg5 Nxg5 50. Kg3 Ke5 51. Kg4 Kf6 52. e5+ Kg6 53. Kf4 Kxh6 54. Kf5 Nf3 55. Kf6 Ng5 56. e6 Nh7+ 57. Kf7 Ng5+ 58. Kf6 Nh7+ 59. Ke7 Kg6 60. Kd6 Kf6 61. e7 Kf7 62. Kxc5 Kxe7 63. Kb6 Kd6 64. Kxb7 Nf6 65. b4 Nd5 66. b5 axb5 67. a6 Kc5 68. a7 Nb6 69. Kc7 b4 70. Kb7 Kb5 71. Kc7 Ka6 72. Kb8 Nd7+ 73. Kc7 Nb6 74. Kb8 Ka5 75. Kb7 Kb5 76. Kc7 Nd5+ 77. Kb7 Nb6 1/2-1/2


[Site "https://www.chess.com"]

[Event "Titled Tuesday Blitz June 8 2021"]
[White "Salinas Herrera, Pablo"]
[Black "Maksimenko, Viktor"]
[WhiteFideId "3407128"]
[BlackFideId "13710478"]
[WhiteElo "2541"]
[BlackElo "2269"]
[Result "1/2-1/2"]
[Round "07"]
[TimeControl "180+1"]
[Date "2021.06.08"]
[WhiteClock "0:00:06"]
[BlackClock "0:00:06"]

1. e4 e5 2. Nf3 Nc6 3. Bb5 a6 4. Ba4 Nf6 5. O-O Be7 6. d3 b5 7. Bb3 O-O 8. a3 d6 9. Nc3 Bg4 10. Be3 Nd4 11. Bxd4 exd4 12. Nd5 c5 13. h3 Be6 14. Nxf6+ Bxf6 15. Bxe6 fxe6 16. e5 Bxe5 17. Nxe5 dxe5 18. Qe2 Rf5 19. f4 Qd5 20. Rae1 Raf8 21. fxe5 a5 22. Rxf5 Rxf5 23. b3 a4 24. bxa4 bxa4 25. Qe4 Qxe4 26. Rxe4 Rf7 27. c3 dxc3 28. Rxa4 Rd7 29. Rc4 Rxd3 30. Rxc5 Kf7 31. a4 Kg6 32. a5 Rd5 33. Rxc3 Rxa5 34. Rg3+ Kh6 35. Re3 g5 36. g4 Kg6 37. Kg2 h5 38. Kg3 Ra4 39. Rf3 Re4 40. Rf6+ Kg7 41. Rxe6 Re3+ 42. Kg2 h4 43. Re7+ Kg6 44. Re8 Kf7 45. Ra8 Rxe5 46. Ra6 Re6 47. Ra5 Kg6 48. Kf3 Rf6+ 49. Ke4 Re6+ 50. Re5 Rf6 51. Rd5 Ra6 52. Ke5 Ra3 53. Rd6+ Kg7 54. Kf5 Ra5+ 55. Ke6 Ra3 56. Kf5 Ra5+ 57. Ke4 Ra3 58. Rd3 Ra4+ 59. Ke5 Ra5+ 60. Rd5 Ra3 61. Kf5 Rxh3 62. Rd7+ Kh6 63. Rd6+ Kg7 64. Kxg5 Rh1 65. Rd7+ Kf8 66. Kg6 Ke8 67. Rh7 Kf8 68. g5 h3 69. Rh8+ Ke7 70. Kg7 h2 71. g6 Ke6 72. Rh3 Kf5 73. Kf7 Ke5 74. Kg8 Rg1 75. Rxh2 Rxg6+ 76. Kf7 Rf6+ 77. Ke7 Re6+ 78. Kd7 Rd6+ 79. Ke7 Rd4 80. Rh5+ Ke4 81. Ke6 Kd3 82. Rd5 Rxd5 83. Kxd5 1/2-1/2


[Site "https://www.chess.com"]

[Event "Titled Tuesday Blitz June 8 2021"]
[White "Samsonkin, Artiom"]
[Black "Mezentsev, Ivan"]
[WhiteFideId "13503111"]
[BlackFideId "13706195"]
[WhiteElo "2513"]
[BlackElo "2295"]
[Result "1-0"]
[Round "07"]
[TimeControl "180+1"]
[Date "2021.06.08"]
[WhiteClock "0:00:53"]
[BlackClock "0:01:14"]

1. e4 d5 2. exd5 Qxd5 3. Nf3 Nf6 4. Be2 c6 5. O-O Bg4 6. h3 Bh5 7. c4 Qd8 8. Qb3 Qb6 9. d4 e6 10. Nc3 Nbd7 11. Bf4 Be7 12. c5 Qxb3 13. axb3 O-O 14. b4 a6 15. g4 Bg6 16. Nd2 Nd5 17. Nxd5 exd5 18. Nb3 Bd8 19. Rfe1 Re8 20. Bxa6 Rxe1+ 21. Rxe1 bxa6 22. Re8+ Nf8 23. Bd6 h5 24. Rxf8+ Kh7 25. Na5 Bxa5 26. Rxa8 Bxb4 27. Rxa6 Bd3 28. Rxc6 hxg4 29. hxg4 f6 30. Rb6 Ba5 31. Rb3 Bc4 32. Ra3 Bb4 33. Ra4 Bxc5 34. dxc5 1-0


[Site "https://www.chess.com"]

[Event "Titled Tuesday Blitz June 8 2021"]
[White "Sanal, Vahap"]
[Black "Perez Ponsa, Federico"]
[WhiteFideId "6300545"]
[BlackFideId "117927"]
[WhiteElo "2507"]
[BlackElo "2672"]
[Result "1-0"]
[Round "07"]
[TimeControl "180+1"]
[Date "2021.06.08"]
[WhiteClock "0:01:11"]
[BlackClock "0:00:39"]

1. e4 c5 2. Nf3 d6 3. d4 cxd4 4. Nxd4 Nf6 5. Nc3 a6 6. a3 e5 7. Nf5 d5 8. Bg5 d4 9. Bxf6 Qxf6 10. Nd5 Qc6 11. c4 Nd7 12. b4 g6 13. Nxd4 exd4 14. Qxd4 f6 15. c5 Bg7 16. Bc4 Ne5 17. Bb3 f5 18. O-O-O Be6 19. f4 a5 20. fxe5 axb4 21. axb4 Rd8 22. Qc3 fxe4 23. b5 Qxd5 24. Bxd5 Bxd5 25. Rhf1 Ke7 26. c6 bxc6 27. bxc6 Ke6 28. c7 Ra8 29. Qh3+ Kxe5 30. Rxd5+ Kxd5 31. Qd7+ Kc4 32. Qxg7 1-0


[Site "https://www.chess.com"]

[Event "Titled Tuesday Blitz June 8 2021"]
[White "Sarana, Alexey"]
[Black "Vakhlamov, Igor L."]
[WhiteFideId "24133795"]
[BlackFideId "24126748"]
[WhiteElo "2908"]
[BlackElo "2645"]
[Result "1-0"]
[Round "07"]
[TimeControl "180+1"]
[Date "2021.06.08"]
[WhiteClock "0:00:48"]
[BlackClock "0:00:40"]

1. e4 c5 2. Nf3 Nc6 3. d4 cxd4 4. Nxd4 g6 5. Nc3 Bg7 6. Be3 Nf6 7. Be2 O-O 8. O-O d5 9. exd5 Nb4 10. Bf3 Nfxd5 11. Nxd5 Nxd5 12. Bg5 h6 13. Bh4 g5 14. Bg3 Nf4 15. Bxf4 gxf4 16. c3 e5 17. Nb5 Qb6 18. a4 Rd8 19. a5 Qf6 20. Qe2 a6 21. Nc7 Rb8 22. Nd5 Qh4 23. Rad1 Be6 24. g3 Qg5 25. h4 Qf5 26. Ne7+ 1-0


[Site "https://www.chess.com"]

[Event "Titled Tuesday Blitz June 8 2021"]
[White "Sargsyan, Anna M."]
[Black "Bayo Milagro, Alvaro"]
[WhiteFideId "13308130"]
[BlackFideId "22275240"]
[WhiteElo "2263"]
[BlackElo "2270"]
[Result "0-1"]
[Round "07"]
[TimeControl "180+1"]
[Date "2021.06.08"]
[WhiteClock "0:00:07"]
[BlackClock "0:00:13"]

1. d4 d6 2. c4 e5 3. Nc3 exd4 4. Qxd4 Nc6 5. Qd3 Nf6 6. Nf3 g6 7. Bg5 Bg7 8. e3 Bf5 9. Qd2 Qd7 10. Be2 Ne4 11. Nxe4 Bxe4 12. O-O O-O 13. Bf4 Rfe8 14. Rac1 Qf5 15. Bg3 Qa5 16. Qxa5 Nxa5 17. b4 Nc6 18. b5 Nb4 19. Nd2 Nxa2 20. Rce1 Nc3 21. Nxe4 Nxe2+ 22. Rxe2 Rxe4 23. Rc2 b6 24. Rb1 a5 25. bxa6 Rxa6 26. Kf1 Ra4 27. Rbc1 h5 28. h3 Re8 29. Ke2 Rea8 30. f3 Ra2 31. Be1 Kf8 32. Kd3 R8a3+ 33. Ke2 Ke7 34. Bb4 Ra4 35. Bd2 Kd7 36. Kd3 Kc6 37. g4 hxg4 38. hxg4 Rxc2 39. Rxc2 Ra1 40. e4 Be5 41. Be3 Ra3+ 42. Kd2 Ra1 43. Ke2 Rh1 44. Kd3 Rh3 45. Rf2 Bg3 46. Rf1 Be5 47. f4 Bb2 48. f5 Ba3 49. Ke2 Bc5 50. Bd2 Rh2+ 51. Kd3 Rh3+ 52. Kc2 Rh2 53. Kd3 Rg2 54. g5 Rg3+ 55. Kc2 Bd4 56. fxg6 fxg6 57. Rf7 Rg2 58. Kd3 Be5 59. Rf8 Rg3+ 60. Kc2 Kc5 61. Rf7 c6 62. Rc7 d5 63. Re7 Kd6 64. Re8 dxe4 65. Rg8 Rg2 66. Rxg6+ Kc5 67. Kd1 Bd4 68. Re6 e3 69. Bxe3 Bxe3 70. Rxe3 Rxg5 71. Re6 Rg4 72. Kd2 Rxc4 73. Kd3 Rd4+ 74. Kc3 Rd6 75. Re5+ Rd5 76. Re6 b5 77. Rh6 Rg5 78. Rf6 Rg3+ 79. Kc2 b4 80. Rf5+ Kc4 81. Rf4+ Kb5 82. Rf8 c5 83. Rb8+ Kc4 84. Rf8 Rg2+ 85. Kc1 b3 86. Rf4+ Kc3 87. Rf3+ Kb4 88. Rf4+ c4 89. Rf3 c3 0-1


[Site "https://www.chess.com"]

[Event "Titled Tuesday Blitz June 8 2021"]
[White "Seel, Christian, Dr."]
[Black "Aitbayev, Aslan"]
[WhiteFideId "4663098"]
[BlackFideId "13704613"]
[WhiteElo "2478"]
[BlackElo "2417"]
[Result "1/2-1/2"]
[Round "07"]
[TimeControl "180+1"]
[Date "2021.06.08"]
[WhiteClock "0:00:07"]
[BlackClock "0:00:12"]

1. Nf3 d5 2. d4 Nf6 3. g3 Bf5 4. Bg2 e6 5. O-O Bd6 6. c4 c6 7. b3 O-O 8. Ba3 Bxa3 9. Nxa3 Nbd7 10. Nc2 Ne4 11. Ne3 Bg6 12. Qc1 Qa5 13. a3 h6 14. b4 Qd8 15. Nd2 f5 16. f4 Bh5 17. Bf3 Nxd2 18. Qxd2 Nf6 19. cxd5 Bxf3 20. exf3 cxd5 21. Rfc1 Qb6 22. Rc5 Nd7 23. Rc2 Rfc8 24. Rac1 Rxc2 25. Rxc2 a5 26. Kf2 Kh7 27. h3 Qd6 28. Qc3 axb4 29. Qxb4 Qa6 30. Rc7 Nf6 31. Qe7 Ne8 32. Rc2 Qd3 33. Qxe6 g6 34. Qf7+ Ng7 35. h4 Rxa3 36. Re2 Qxd4 37. Qxb7 h5 38. Qf7 Rd3 39. Qb7 Qc5 40. Qf7 Qd4 41. Qc7 Rc3 42. Qf7 Rd3 1/2-1/2


[Site "https://www.chess.com"]

[Event "Titled Tuesday Blitz June 8 2021"]
[White "Shahaliyev, Ismayil"]
[Black "Lazavik, Denis"]
[WhiteFideId "13406388"]
[BlackFideId "13515110"]
[WhiteElo "2105"]
[BlackElo "2436"]
[Result "1-0"]
[Round "07"]
[TimeControl "180+1"]
[Date "2021.06.08"]
[WhiteClock "0:01:03"]
[BlackClock "0:00:37"]

1. d4 d5 2. Nf3 Nf6 3. Bf4 e6 4. e3 Bd6 5. Bg3 O-O 6. Nbd2 c5 7. dxc5 Bxc5 8. Bd3 Nc6 9. O-O Be7 10. c3 Nh5 11. e4 Nxg3 12. hxg3 dxe4 13. Nxe4 b6 14. Qe2 Bb7 15. Rad1 Qc7 16. Rfe1 Rad8 17. Qe3 h6 18. Bc2 Rxd1 19. Rxd1 Rd8 20. Rxd8+ Qxd8 21. g4 Qd5 22. g5 hxg5 23. Nfxg5 Ne5 24. Qh3 Ng6 25. Qh7+ Kf8 26. Qh5 Qf5 27. Nh7+ Kg8 28. Nef6+ Qxf6 29. Nxf6+ Bxf6 30. Bxg6 fxg6 31. Qxg6 1-0


[Site "https://www.chess.com"]